 Dungeon Crawl Stone Soup version 0.22.1-1-ga44c0e56f4 (webtiles) character file.

651 Gargoyl the Skirmisher (level 7, -1/59 HPs)
             Began as a Centaur Abyssal Knight on Nov 9, 2018.
             Was a Priest of Lugonu.
             Slain by a sky beast (5 damage)
             ... on level 5 of the Dungeon.
             The game lasted 00:08:13 (5603 turns).

Gargoyl the Skirmisher (Centaur Abyssal Knight)     Turns: 5603, Time: 00:08:14

Health: -1/59      AC:  6    Str: 21    XL:     7   Next: 28%
Magic:  9/9        EV:  6    Int: 11    God:    Lugonu [***...]
Gold:   243        SH:  8    Dex: 10    Spells: 6/6 levels left

rFire    . . .     SeeInvis .   a - +1 hand axe
rCold    . . .     Gourm    .   d - +0 shield
rNeg     . . .     Faith    .   i - +0 ring mail
rPois    .         Spirit   .   (no helmet)
rElec    .         Reflect  .   (no cloak)
rCorr    .         Harm     .   (no gloves)
MR       .....                  (no barding)
Stlth    ..........             (no amulet)
HPRegen  0.19/turn              j - +6 ring of strength
MPRegen  0.11/turn              (no ring)

@: very quick
A: large, hooves 3, deformed body, speed 2, tough skin 3
a: Depart the Abyss, Bend Space, Banish, Renounce Religion


You were on level 5 of the Dungeon.
You worshipped Lugonu.
Lugonu was most pleased with you.
You were not hungry.

You visited 1 branch of the dungeon, and saw 5 of its levels.
You visited the Abyss 1 time.
You also visited: Sewer.

You collected 243 gold pieces.

Inventory:

Hand Weapons
 a - a +1 hand axe (weapon)
 l - a +0 war axe
Armour
 d - a +0 shield (worn)
 i - a +0 ring mail (worn)
Jewellery
 j - a +6 ring of strength (left hand)
Wands
 s - a wand of digging (11)
Scrolls
 b - 2 scrolls of teleportation
 f - a scroll of identify
 m - 2 scrolls of fog
 n - 4 scrolls of amnesia
 o - a scroll of blinking
Potions
 e - 4 potions of curing
 g - a potion of mutation
 h - a potion of might
 k - 6 potions of heal wounds
 p - a potion of ambrosia
 q - a potion of flight {unknown}
 r - 2 potions of agility {unknown}
Comestibles
 c - 4 rations


   Skills:
 + Level 4.3 Fighting
 + Level 3.7 Axes
 * Level 3.6 Armour
 + Level 1.5 Dodging
 + Level 1.3 Shields
 * Level 3.8 Invocations


You had 6 spell levels left.
You didn't know any spells.
Your spell library contained the following spells:

 Spells                   Type           Power        Failure   Level  Hunger
 Animate Skeleton         Necr           N/A          96%         1    ##.....
 Sublimation of Blood     Necr           #.........   99%         2    ###....
 Swiftness                Chrm/Air       #.......     99%         2    ###....
 Agony                    Necr           #.......     100%        5    ######.
 Dispel Undead            Necr           #.......     100%        5    ######.
 Lightning Bolt           Conj/Air       #.........   100%        5    ######.


Dungeon Overview and Level Annotations

Branches:
Dungeon (5/15)
 Temple: D:4-7

Altars:
Fedhas
Okawaru
Sif Muna

Shops:
D:4 :


Innate Abilities, Weirdness & Mutations

You have hooves in place of feet.
Armour fits poorly on your strangely shaped body.
You cover ground very quickly.
You have extremely tough skin. (AC +3)


Message History

Something shocks you.
* * * LOW HITPOINT WARNING * * *
The hound zombie bites you but does no damage.
Unknown command.
You hit the hound zombie. You kick the hound zombie.
The hound zombie is severely damaged.
You closely miss something. Something hits you but does no damage.
You block the hound zombie's attack.
You barely miss the hound zombie. Your kick misses the hound zombie.
The hound zombie is severely damaged.
You hit something. Something hits you but does no damage.
The hound zombie bites you but does no damage.
The hound zombie bites you.
* * * LOW HITPOINT WARNING * * *
A sky beast appears from thin air!
Reactivating autopickup.
The sky beast hits you.
* * * LOW HITPOINT WARNING * * *
The sky beast shocks you.
You die...

#..)........#.#.#
#.....#####.#.#.#
#........#..#.#.#
#.#.#.##.#....(.# #
#.#....#..#...# .
#.#..#<#..#...# ..
#.#..#.#..#...# ####.
#.#.J#Z#......#
...#.##.#Z.#@####.###
...!.......Y........
...........Z........
...................>
....................
......$.............
....................
...............#####
.......†.......#


You could see a sky beast, a hound zombie and an adder skeleton.

Vanquished Creatures
  Sigmund (D:4)
  A centaur (D:5)
  An orc priest (D:3)
  3 hounds
  A worker ant (D:3)
  A hound skeleton (D:4)
  A mummy (D:4)
  11 adders
  2 oozes
  An adder skeleton (D:4)
  3 worms
  A dart slug (D:1)
  6 leopard geckos
  13 orcs
  6 giant cockroaches
  7 hobgoblins
  7 ball pythons
  A ball python skeleton (D:5)
  10 bats
  2 frilled lizards
  6 goblins
  A jackal zombie (D:5)
  20 kobolds
  A kobold zombie (D:4)
  An orc zombie (D:4)
  A quokka skeleton (D:5)
  10 rats
119 creatures vanquished.

Notes
Turn   | Place    | Note
-------+----------+-------------------------------------------
     0 | Abyss:1  | Gargoyl the Centaur Abyssal Knight began the quest for the
                  | Orb.
     0 | Abyss:1  | Reached XP level 1. HP: 19/19 MP: 2/2
    35 | Abyss:1  | Noticed a spatial vortex
    37 | Abyss:1  | Noticed a small abomination
    59 | Abyss:1  | Noticed a small abomination
    92 | Abyss:1  | Noticed a small abomination
    93 | Abyss:1  | Noticed a thrashing horror
    94 | D:1      | Escaped the Abyss
   427 | D:1      | Reached * piety under Lugonu
   471 | D:1      | Reached XP level 2. HP: 25/26 MP: 3/3
  1113 | D:2      | Reached XP level 3. HP: 27/33 MP: 4/4
  1299 | D:2      | Found a faded altar of an unknown god.
  1472 | D:2      | Found a deep blue altar of Sif Muna.
  1930 | D:3      | Reached skill level 1 in Dodging
  1943 | D:3      | Reached XP level 4. HP: 26/40 MP: 5/5
  1949 | D:3      | HP: 1/40 [hobgoblin/club (6)]
  2436 | D:3      | Reached ** piety under Lugonu
  2573 | D:3      | Reached XP level 5. HP: 39/46 MP: 5/7
  2674 | D:3      | Found a blossoming altar of Fedhas.
  3207 | D:3      | Reached skill level 4 in Fighting
  3455 | D:4      | Found Muar Icw's Book Boutique.
  3653 | D:4      | Found a glowing drain.
  3666 | Sewer    | Entered a sewer
  3991 | Sewer    | Reached *** piety under Lugonu
  4099 | D:4      | Noticed Sigmund
  4137 | D:3      | Reached XP level 6. HP: 20/52 MP: 8/8
  4617 | D:4      | Killed Sigmund
  4617 | D:4      | Reached skill level 1 in Shields
  4910 | D:4      | Identified the Almanac of Aerial Dark Arts
  5511 | D:5      | Entered Level 5 of the Dungeon
  5555 | D:5      | Found an iron altar of Okawaru.
  5556 | D:5      | Noticed a sky beast
  5562 | D:5      | Reached XP level 7. HP: 50/59 MP: 9/9
  5603 | D:5      | Slain by a sky beast

Skill      XL: |  1  2  3  4  5  6 |
---------------+-------------------+-----
Axes           | 2 3 |  3.7
Armour         | 2 3 |  3.6
Dodging        | 1 |  1.5
Fighting       | 4 |  4.3
Invocations    | 3 |  3.8
Shields        | 1 |  1.3

Action                   |  1- 3 |  4- 6 |  7- 9 || total
-------------------------+-------+-------+-------++-------
Melee: Hand axe          |    94 |   207 |    25 ||   326
       Kick              |    15 |    52 |     9 ||    76
       Whip              |     8 |       |       ||     8
Invok: Depart the Abyss  |     1 |       |       ||     1
  Use: Scroll            |     4 |     7 |       ||    11
  Eat: Chunk             |     2 |     7 |       ||     9
       Ration            |       |     1 |       ||     1
Armor: Leather armour    |    27 |       |       ||    27
       Ring mail         |    19 |    90 |    19 ||   128
Dodge: Dodged            |    25 |    71 |    17 ||   113
Block: Shield            |    35 |    96 |    26 ||   157
